 Dungeon Crawl Stone Soup version 0.30-a0-34-gbe8da3892a (webtiles) character file.

Game seed: 8762040891912763280

32 ytrimaz the Insei (level 3, -1/23 HPs)
             Began as an Octopode Transmuter on Aug 27, 2022.
             Slain by an endoplasm (2 damage)
             ... on level 1 of the Dungeon.
             The game lasted 00:01:12 (1029 turns).

ytrimaz the Insei (Octopode Transmuter)             Turns: 1029, Time: 00:01:13

Health: -1/23      AC:  1    Str:  9    XL:     3   Next: 27%
Magic:  3/6        EV: 13    Int: 17    God:
Gold:   53         SH:  0    Dex: 12    Spells: 0/6 levels left

rFire   . . .      SeeInvis .      - Unarmed
rCold   . . .      Faith    .    (no shield)
rNeg    . . .      Spirit   .    (helmet restricted)
rPois   .          Reflect  .    (no amulet)
rElec   .          Harm     .    (no ring)
rCorr   .          Rampage  .    (no ring)
Will    .....                    (no ring)
Stlth   ++........               (no ring)
HPRegen 0.07/turn                (no ring)
MPRegen 0.10/turn                (no ring)
                                 (no ring)
                                 (no ring)

@: lethally poisoned (-1 -> -1)
A: almost no armour, amphibious, 8 rings, camouflage 1, gelatinous body 1,
(nimble swimmer 1), tentacles
a: no special abilities


You were on level 1 of the Dungeon.
You visited 1 branch of the dungeon, and saw 2 of its levels.

You collected 53 gold pieces.

Inventory:

Scrolls
 d - a scroll of noise
 e - a scroll of blinking {unknown}
Potions
 a - a potion of lignification


   Skills:
 - Level 1.0 Fighting
 - Level 2.0 Dodging
 - Level 4.1 Unarmed Combat
 + Level 2.0 Spellcasting
 + Level 2.0 Transmutations
 * Level 0.7 Poison Magic


You couldn't memorise any spells.
You knew the following spells:

 Your Spells              Type           Power      Damage    Failure   Level
a - Beastly Appendage     Tmut           16%        N/A       9%          1
b - Wereblood             Tmut           8%         N/A       12%         2
c - Spider Form           Tmut/Pois      6%         N/A       32%         3

Your spell library contained the following spells:

 Spells                   Type           Power      Damage    Failure   Level
 Summon Small Mammal      Summ           4%         N/A       19%         1
 Call Canine Familiar     Summ           1%         N/A       50%         3
 Summon Guardian Golem    Hex/Summ       1%         N/A       50%         3
 Ice Form                 Ice/Tmut       5%         N/A       77%         4


Dungeon Overview and Level Annotations

Branches:
Dungeon (2/15)

Altars:

Annotations:
D:2 Jessica


Innate Abilities, Weirdness & Mutations

You cannot wear most types of armour.
You are amphibious.
You can wear up to eight rings at the same time.
Your skin changes colour to match your surroundings (Stealth+).
Your rubbery body absorbs attacks. (AC +1, EV +1)
((You are camouflaged when in or above water. (Stealth+)))
You have tentacles for arms and can constrict up to eight enemies at once.


Message History

A goblin comes into view. It is wielding a +0 club.
The hobgoblin barely misses you.
A kobold comes into view. It is wielding a +0 dagger of venom.
The roots lose their grip on you.
Your transformation is almost over.
You feel sick. The bat barely misses you. The adder bites you.
The hobgoblin closely misses you. The endoplasm freezes you.
You are frozen.
The adder misses you.
You climb upwards.
* * * LOW HITPOINT WARNING * * *
You feel sick.
There is a stone staircase leading down here.
Unknown command.
Unknown command.
Really quaff the potion of lignification?
Your transformation has ended.
You turn into a tree.
Your roots penetrate the ground.
You feel sick.
The endoplasm hits you but does no damage.
The hobgoblin hits you.
* * * LOW HITPOINT WARNING * * *
The adder bites you but does no damage.
Unknown command.
Unknown command.
It was a potion of cancellation.
Your magical effects are unravelling.
You feel magically purged.
You feel less wooden.
* * * LOW HITPOINT WARNING * * *
You feel sick.
You kill the adder!
The endoplasm barely misses you.
The hobgoblin hits you but does no damage.
Unknown command.
As you read the scroll labelled ESCHEE IR RAUST, it crumbles to dust.
It is a scroll of identify.
d - a scroll of noise
* * * LOW HITPOINT WARNING * * *
You feel sick. The endoplasm hits you.
You die...

##### #...# #.#.# # #.#.# ##
#.#.# #. #######.#.# #######.
#..†@J..#.####.......
##########.##g####.##.........
#..................##.#..≈≈≈≈.
#.###...[.....#######.#.≈≈≈≈≈≈
#.###.####..#.....###.#.≈≈≈≈≈≈
#.........#...#.........≈≈≈≈≈≈
######..#..#..#.#.###....≈≈≈≈.
#.####........####........
##..##....#.#..####.......


You could see an endoplasm and a hobgoblin.

Vanquished Creatures
  An adder (D:1)
  A dart slug (D:1)
  2 endoplasms (D:1)
  2 giant cockroaches (D:1)
  2 goblins (D:1)
  3 hobgoblins (D:1)
  A quokka (D:1)
  A ball python (D:1)
  5 bats (D:1)
  A rat (D:1)
19 creatures vanquished.

Notes
Turn   | Place    | Note
-------+----------+-------------------------------------------
     0 | D:1      | ytrimaz the Octopode Transmuter began the quest for the
                  | Orb.
     0 | D:1      | Reached XP level 1. HP: 13/13 MP: 3/3
   180 | D:1      | Reached XP level 2. HP: 11/18 MP: 3/5
   591 | D:1      | Reached skill level 4 in Unarmed Combat
   903 | D:1      | Reached XP level 3. HP: 23/23 MP: 4/6
   906 | D:1      | Learned a level 2 spell: Wereblood
   910 | D:1      | Learned a level 3 spell: Spider Form
  1020 | D:2      | Noticed Jessica
  1029 | D:1      | HP: 1/23 [poisoned by an adder]
  1029 | D:1      | Slain by an endoplasm

Illustrated notes

Levels and vault maps discovered:
D:1:      dpeg_arrival_pits, layout_basic, grunt_decor_one_mirror,
          grunt_decor_resistance, minmay_unequal
D:2:      layout_rooms, serial_shops, shop, basic_altar,
          dreamdust_ecumenical_altar_drowned_temple, uniq_jessica

Skill      XL: |  1  2 |
---------------+-------+-----
Unarmed Combat | 4 |  4.1
Fighting       | |  1.0
Dodging        | |  2.0
Spellcasting   | |  2.0
Transmutations | |  2.0
Poison Magic   | |  0.7

Action                   || total
-------------------------++-------
Melee: Unarmed           ||    36
       Constrict         ||     8
       Tentacles         ||     8
       Kick              ||     5
       Punch             ||     1
 Cast: Beastly Appendage ||    14
       Spider Form       ||     1
  Use: Potion            ||     2
       Scroll            ||     1
 Stab: Sleeping          ||     4
Armor: Skin              ||    12
Dodge: Dodged            ||    43

Table legend: (Time is in decaauts)
 A = Elapsed time spent in this place.
 B = Non-inter-level travel time spent in this place.
 C = Inter-level travel time spent in this place.
 D = Time resting spent in this place.
 E = Time spent auto-exploring this place.
 F = Levels seen in this place.
 G = Mean time per level.
                   A        B        C        D        E       F      G
               +--------+--------+--------+--------+--------+-----+--------+
         Total |   1026 |   1016 |     10 |     32 |    823 |   2 |  513.0 |
       Dungeon |   1026 |   1016 |     10 |     32 |    823 |   2 |  513.0 |
               +--------+--------+--------+--------+--------+-----+--------+

Top non-repeatable levels by time:
     D:1: 1021 daAuts
     D:2: 5 daAuts
